 Dungeon Crawl Stone Soup version 0.31.0-1-g2c135a0 (webtiles) character file.

Game seed: 11724552827885695482

453 bob002 the Ducker (level 7, -4/49 HPs)
             Began as a Djinni Fire Elementalist on Apr 23, 2024.
             Was an Initiate of Ru.
             Slain by a lemure (7 damage)
             ... led by Pikel
             ... on level 4 of the Dungeon.
             The game lasted 00:12:21 (3508 turns).

bob002 the Ducker (Djinni Fire Elementalist)        Turns: 3508, Time: 00:12:23

Health: -4/49      AC:  4    Str:  7    XL:     7   Next: 26%
Gold:   251        EV: 14    Int: 19    God:    Ru [......] SH:  0 Dex: 19

rFire   + + +        l - staff of fire
rCold   x . .        (no shield)
rNeg    . . .        a - +0 robe
rPois   ∞            (no helmet)
rElec   .            h - +1 cloak
rCorr   .            (no gloves)
SInv    .            (boots unavailable)
Will    .....        (no amulet)
Stlth   +++          o - +6 ring of dexterity
HPRegen 0.28/turn    (no ring)
MPRegen 0.00/turn

%: infuse magic (-5 HP)
@: flying, studying Short Blades
A: sickness immunity, fire resistance 2, cold vulnerability 1, float, innate
caster, HP casting, extra vitality 1
a: Renounce Religion


You were on level 4 of the Dungeon.
You worshipped Ru.
Ru was noncommittal.
You visited 2 branches of the dungeon, and saw 6 of its levels.

You collected 251 gold pieces.

Inventory:

Armour
 a - a +0 robe (worn)
 h - a +1 cloak (worn)
Magical Staves
 l - a staff of fire (weapon)
Jewellery
 o - a +6 ring of dexterity (left hand)
Scrolls
 c - a scroll of enchant armour {unknown}
 d - 2 scrolls of teleportation
 f - a scroll of revelation {unknown}
 g - a scroll of butterflies {unknown}
 i - a scroll of fear {unknown}
 j - a scroll of identify {unknown}
 k - a scroll of blinking {unknown}
Potions
 b - a potion of heal wounds {unknown}
 e - a potion of curing {unknown}
 m - a potion of might {unknown}
 n - a potion of lignification {unknown}
 p - a potion of degeneration {unknown}
 q - a potion of cancellation {unknown}


   Skills:
 * Level 2.3 Fighting
 * Level 4.5 Dodging
 * Level 3.5 Stealth
 - Level 0.2 Unarmed Combat
 * Level 4.3 Spellcasting
 * Level 4.3 Conjurations
 * Level 4.3 Hexes
 * Level 4.3 Summonings
 * Level 4.3 Necromancy
 * Level 4.3 Translocations
 * Level 4.3 Fire Magic
 * Level 4.3 Ice Magic
 * Level 4.3 Air Magic
 * Level 4.3 Earth Magic
 * Level 4.3 Alchemy
 * Level 0.7 Evocations


You knew the following spells:

 Your Spells              Type           Power      Damage    Failure   Level
a - Foxfire               Conj/Fire      100%       2x1d9     2%          1
b - Scorch                Fire           60%        2d7       3%          2
c - Volatile Blastmotes   Fire/Tloc      60%        2d15      7%          3
d - Inner Flame           Hex/Fire       30%        N/A       7%          3
e - Flame Wave            Conj/Fire      30%        2d9       22%         4
f - Sting                 Conj/Alch      80%        1d8       2%          1
g - Searing Ray           Conj           40%        2d5       3%          2
h - Tukima's Dance        Hex            20%        N/A       7%          3
Your spell library was empty.

Dungeon Overview and Level Annotations

Branches:
Dungeon (5/15)             Temple (1/1) D:4

Altars:
Ashenzari
Dithmenos
Fedhas
Makhleb
Qazlal
Ru
Wu Jian
Zin
The Shining One

Shops:
D:2 [(:[[   D:4 [

Annotations:
D:5 Pikel


Innate Abilities, Weirdness & Mutations

You are immune to sickness and miasma.
You are immune to poison.
Your flesh is very heat resistant. (rF++)
You are vulnerable to cold. (rC-)
You float through the air rather than walking.
You learn spells naturally, not from books.
Your magical power is your life essence.
You have superior vitality. (+4 MHP)


Message History

Confirm with . or Enter, or press ? or * to list all spells.
You feel a surge of power!
Flames lash the lemure.
The lemure is burned terribly!
You kill the lemure!
That felt strangely unrewarding.
The lemure barely misses you.
Unknown command.
Casting: Scorch (safe; 3% risk of failure)
Confirm with . or Enter, or press ? or * to list all spells.
You feel a surge of power!
Flames lash the lemure.
The lemure is moderately wounded.
The lemure's fire resistance burns away.
The lemure hits you but does no damage.
Casting: Scorch (safe; 3% risk of failure)
Confirm with . or Enter, or press ? or * to list all spells.
You feel a surge of power!
Flames lash the lemure but do no damage.
The lemure closely misses you.
Casting: Scorch (safe; 3% risk of failure)
Confirm with . or Enter, or press ? or * to list all spells.
You feel a surge of power!
Flames lash the lemure.
The lemure is burned terribly!
The lemure is heavily wounded.
* * * LOW HITPOINT WARNING * * *
The lemure hits you!
* * * LOW HITPOINT WARNING * * *
Casting: Scorch (safe; 3% risk of failure)
Confirm with . or Enter, or press ? or * to list all spells.
You feel a surge of power!
Flames lash the lemure.
The lemure is burned terribly!
The lemure is heavily wounded.
* * * LOW HITPOINT WARNING * * *
The lemure completely misses you.
Casting: Scorch (safe; 3% risk of failure)
Confirm with . or Enter, or press ? or * to list all spells.
You feel a surge of power!
Flames lash the lemure.
The lemure is burned terribly!
The lemure is severely wounded.
* * * LOW HITPOINT WARNING * * *
The lemure hits you!
You die...

...#######...........#
....................##
####.####...........#
#.......#...........#
#.......#.#.........#
#.......#.#.........#
^..._...#.#........##
#.......#.###...5..#
#.......#..#####@.##
#.......#...## ####
#########....#
.............## ####
...#.##....#..####..#
.....########..##...##
...###########.......#
..#...........#......#
#...######.##........##


You could see a lemure (combustible).

Vanquished Creatures
  Sigmund (D:3)
  2 lemures
  A scorpion (D:4)
  A bombardier beetle (D:3)
  2 hounds (D:4)
  6 adders
  A dart slug (D:3)
  6 ribbon worms
  2 orcs (D:3)
  7 endoplasms
  5 giant cockroaches
  5 goblins
  5 hobgoblins
  4 jackals (D:2)
  4 kobolds
  2 quokkas
  2 ball pythons
  3 bats (D:3)
  4 frilled lizards
  3 rats
66 creatures vanquished.

Vanquished Creatures (others)
  61 foxfires
61 creatures vanquished.

Grand Total: 127 creatures vanquished

Notes
Turn   | Place    | Note
-------+----------+-------------------------------------------
     0 | D:1      | bob002 the Djinni Fire Elementalist began the quest for the
                  | Orb.
     0 | D:1      | bob002 set off with the following spells memorised:
                  | Foxfire, Scorch, Volatile Blastmotes, Inner Flame, Flame
                  | Wave.
     0 | D:1      | Reached XP level 1. HP: 15/15 MP: 0/0
   117 | D:1      | Reached XP level 2. HP: 16/21 MP: 0/0
   332 | D:1      | Found a faded altar of an unknown god.
   736 | D:2      | Found Niopic's Armour Boutique.
   797 | D:2      | Found Vixuotz's Antique Armour Emporium.
   805 | D:2      | Reached XP level 3. HP: 22/25 MP: 0/0
   805 | D:2      | Learned a level 1 spell: Sting
  1079 | D:2      | Found Cimmac's Antique Weapon Shoppe.
  1450 | D:2      | Found Cash's Armour Shoppe.
  1491 | D:2      | Reached XP level 4. HP: 29/31 MP: 0/0
  1612 | D:2      | Found Eczopann's Book Boutique.
  1718 | D:3      | Found a stormy altar of Qazlal.
  1757 | D:3      | Found a shadowy altar of Dithmenos.
  1985 | D:3      | Reached XP level 5. HP: 21/35 MP: 0/0
  1985 | D:3      | Learned a level 2 spell: Searing Ray
  2150 | D:3      | Noticed Sigmund
  2160 | D:3      | Killed Sigmund
  2161 | D:3      | Reached skill level 1 in Fighting
  2161 | D:3      | Reached XP level 6. HP: 11/43 MP: 0/0
  2563 | D:4      | Reached XP level 7. HP: 46/49 MP: 0/0
  2563 | D:4      | Learned a level 3 spell: Tukima's Dance
  2818 | D:4      | Found a staircase to the Ecumenical Temple.
  2831 | Temple   | Entered the Ecumenical Temple
  2840 | Temple   | Became a worshipper of Ru the Awakened
  2895 | D:4      | Found a glowing silver altar of Zin.
  3126 | D:4      | Found Dastro Ollu's Antique Armour Shoppe.
  3437 | D:5      | Entered Level 5 of the Dungeon
  3485 | D:5      | Noticed Pikel
  3508 | D:4      | Slain by a lemure

Illustrated notes

Levels and vault maps discovered:
D:1:      wander_arrival_peaceful_grave, layout_loops_ring,
          dilly_ecumenical_altar_fadedgnrine, minmay_misc_feat_hallway
D:2:      layout_basic, serial_shops, shop, shop_statue, nicolae_shop_trees,
          nicolae_shop_tiny_real_fake_doors, nicolae_shop_statue_plus
D:3:      layout_rooms, mainiacjoe_overflow_small_starburst,
          amcnicky_altar_gilded, uniq_sigmund
D:4:      layout_cave_pods, lemuel_tele_altar, temple_pool_b, serial_shops,
          shop, minmay_parallelograms
D:5:      layout_loops_cross, grunt_gozag_breadcrumbs, roderic_batcave,
          kennysheep_generic_room_14, uniq_grinder, uniq_pikel, uniq_ijyb
Temple:   nicolae_temple_ecumenical_triangle

Skill      XL: |  1  2  3  4  5  6 |
---------------+-------------------+-----
Stealth        | 2 3 |  3.5
Dodging        | 3 4 |  4.5
Fighting       | 1 2 |  2.3
Spellcasting   | 4 |  4.3
Conjurations   | 4 |  4.3
Hexes          | 4 |  4.3
Summonings     | 4 |  4.3
Necromancy     | 4 |  4.3
Translocations | 4 |  4.3
Fire Magic     | 4 |  4.3
Ice Magic      | 4 |  4.3
Air Magic      | 4 |  4.3
Earth Magic    | 4 |  4.3
Alchemy        | 4 |  4.3
Unarmed Combat | |  0.2
Evocations     | |  0.7

Action                     |  1- 3 |  4- 6 |  7- 9 || total
---------------------------+-------+-------+-------++-------
  Melee: Unarmed           |     1 |     2 |       ||     3
   Cast: Foxfire           |    40 |     3 |       ||    43
         Scorch            |    12 |    31 |    30 ||    73
         Searing Ray       |       |    10 |     2 ||    12
    Use: Scroll            |     1 |       |       ||     1
 Armour: Robe              |     8 |    13 |     8 ||    29
  Dodge: Dodged            |    13 |    19 |    12 ||    44
